AoeStats
← xxCamper_2

Arabia

510288623Analyzed
2v2 RM · 4h ago on Sep 30, 2026· 33m 16s· 4 players
Game mode
Random Map
Map size
Medium (4 player)
Population
200
Speed
Normal
Resources
Standard
Victory
Conquest
Starting age
Dark Age
Ending age
Imperial Age
RankedLock teamsTeams togetherTeam positionsShared explorationLock speedFull tech treeHidden civsTurbo modeCheats
Victory
Defeat
🇺🇸 Maya · United States
1365
+17
🇸🇰 Japanese · Slovakia
1308
+19
🇪🇸 Vietnamese · Spain
1432
-20
🇪🇸 Hindustanis · Spain
1330
-16
xxCamper_2
3:07 Loom
13:29 Feudal Age
13:37 Man-at-Arms
14:51 Double-Bit Axe
24:29 Castle Age
22:16 Horse Collar
22:51 Scale Mail Armor
24:52 Arson
24:32 Long Swordsman
25:30 Fletching
25:57 Squires
30:26 Wheelbarrow
30:56 Gold Mining
32:09 Gambesons
33:23 Chain Mail Armor
34:05 Forging
dl_cucga
0:28 Loom
8:57 Feudal Age
9:00 Man-at-Arms
13:33 Double-Bit Axe
13:29 Horse Collar
15:39 Fletching
22:49 Castle Age
21:10 Gold Mining
21:52 Padded Archer Armor
23:28 Bodkin Arrow
22:55 Crossbowman
29:29 Ballistics
29:52 Heavy Plow
31:05 Wheelbarrow
31:08 Leather Archer Armor
32:35 Bow Saw
ARipoll
6:39 Loom
9:09 Feudal Age
10:22 Man-at-Arms
16:41 Double-Bit Axe
18:12 Fletching
18:23 Padded Archer Armor
24:37 Castle Age
22:52 Padded Archer Armor
25:30 Bodkin Arrow
25:50 Leather Archer Armor
26:10 Bow Saw
26:25 Bloodlines
26:02 Horse Collar
28:32 Husbandry
29:46 Heavy Plow
31:31 Wheelbarrow
alvarmartinez12
7:10 Loom
9:28 Feudal Age
15:33 Forging
15:23 Town Watch
17:16 Double-Bit Axe
20:18 Wheelbarrow
21:12 Scale Barding Armor
25:44 Castle Age
23:50 Gold Mining
25:10 Bloodlines
24:58 Fletching
26:51 Bow Saw
26:49 Husbandry
26:59 Bloodlines
27:04 Bodkin Arrow
Connection lost

Rejoining the realm…

Still unreachable

The connection could not be restored.

Session expired

The server has moved on; the page needs a fresh start.